 Dungeon Sprint DCSS version 0.27-a0-597-g524d869a0f (webtiles) character file.

Game seed: 597146445191494335

32 rocky1 the Skirmisher (level 3, -4/36 HPs)
             Began as a Naga Fighter on Mar 12, 2021.
             Was a Believer of Cheibriados.
             Slain by a gnoll sergeant
             ... wielding a +2 spear of freezing
              (8 damage)
             ... in the Dungeon (Sprint VII: "The Pits").
             The game lasted 00:01:38 (221 turns).

rocky1 the Skirmisher (Naga Fighter)                 Turns: 221, Time: 00:01:39

Health: -4/36      AC:  4    Str: 23    XL:     3   Next: 25%
Magic:  3/3        EV:  6    Int: 12    God:    Cheibriados [**....]
Gold:   0          SH: 10    Dex: 14    Spells: 2/2 levels left

rFire    . . .     SeeInvis +   a - +0 long sword
rCold    . . .     Faith    .   c - +0 kite shield
rNeg     . . .     Spirit   .   b - +0 scale mail
rPois    +         Reflect  .   (no helmet)
rElec    .         Harm     .   (no cloak)
rCorr    .         Rampage  .   (no gloves)
Will     .....     NoTele   +   (no barding)
Stlth    ..........             (no amulet)
HPRegen  0.12/turn              (no ring)
MPRegen  0.08/turn              (no ring)

@: very slightly contaminated, invisible, very slow
A: large, see invisible, deformed body, poison resistance, slowness 2, spit
poison 1, naga tail 1, AC +1
a: Spit Poison, Renounce Religion, Bend Time


You were in the Dungeon.
You worshipped Cheibriados.
Cheibriados was pleased with you.
You visited 1 branch

Inventory:

Hand Weapons
 a - a +0 long sword (weapon)
 m - a +2 vampiric short sword
Armour
 b - a +0 scale mail (worn)
 c - a +0 kite shield (worn)
Scrolls
 j - a scroll of blinking
 k - 5 scrolls of amnesia
 l - a scroll of summoning
Potions
 d - a potion of might
 f - a potion of invisibility
 g - a potion of haste
 h - 4 potions of magic
 i - 3 potions of berserk rage


   Skills:
 + Level 4.0 Fighting
 + Level 3.3 Long Blades
 + Level 3.3 Armour
 + Level 1.9 Dodging
 + Level 1.0 Stealth
 + Level 3.2 Shields
 + Level 0.4 Invocations


You had 2 spell levels left.
You didn't know any spells.
Your spell library was empty.

Dungeon Overview and Level Annotations

Branches:
Dungeon (1/1)

Altars:
Ashenzari
Cheibriados
Dithmenos
Elyvilon
Fedhas
Gozag
Hepliaklqana
Kikubaaqudgha
Makhleb
Nemelex Xobeh
Okawaru
Qazlal
Ru
Sif Muna
Trog
Uskayaw
Vehumet
Wu Jian
Xom
Yredelemnul
Zin
The Shining One
Beogh
Jiyva
Lugonu


Innate Abilities, Weirdness & Mutations

Your serpentine skin is tough. (AC +1)
You have supernaturally acute eyesight. (SInv)
Armour fits poorly on your strangely shaped body.
Your system is resistant to poisons. (rPois)
You cover ground very slowly.
You can spit poison.
You have a snake-like lower body.


Message History

The gnoll sergeant is poisoned.
The gnoll sergeant is lightly wounded.
You block the gnoll sergeant's attack.
The gnoll sergeant hits you with a +2 spear of freezing!
* * * LOW HITPOINT WARNING * * *
The gnoll sergeant freezes you.
* * * LOW HITPOINT WARNING * * *
The gnoll sergeant barely misses you.
You riposte.
You hit the gnoll sergeant.
The gnoll sergeant is heavily wounded.
Things that are here:
a +0 dagger; a goblin corpse You fade into invisibility!
You have got your breath back.
You are very lightly contaminated with residual magic.
Unknown command.
You hit the gnoll sergeant but do no damage.
The gnoll sergeant is heavily wounded.
You block the gnoll sergeant's attack. You block the goblin's attack.
Unknown command.
You are too injured to fight recklessly!
You closely miss the gnoll sergeant.
The gnoll sergeant is heavily wounded.
The gnoll sergeant hits you with a +2 spear of freezing.
* * * LOW HITPOINT WARNING * * *
The gnoll sergeant freezes you.
* * * LOW HITPOINT WARNING * * *
The gnoll sergeant completely misses you.
You riposte.
You closely miss the gnoll sergeant.
The gnoll sergeant is heavily wounded.
You block the goblin's attack.
You hit the gnoll sergeant.
The gnoll sergeant is severely wounded.
The gnoll sergeant looks more healthy.
The gnoll sergeant completely misses you.
You block the goblin's attack.
Unknown command.
You hit the gnoll sergeant but do no damage.
The gnoll sergeant is severely wounded.
The gnoll sergeant hits you with a +2 spear of freezing!
You die...

#_________.#
#_________.#
#_______...###########++
##########'##...........
#.?(.')))'.##......#..#.
##########.##...........
#...........'...........
#+#####'#####......#..#.
#...@g##...........
#####g#####'#####++
#....g##.......#
#..g.g##.......#
###'####.......#


gg. #...<...# ..... #.......# ......##.......# #########.......# You could see a
gnoll sergeant, 2 gnolls and a goblin.

Vanquished Creatures
  A worker ant (D)
  An orc (D)
  A bat zombie (D)
  A goblin (D)
  A bat (D)
  A kobold (D)
6 creatures vanquished.

Notes
Turn   | Place    | Note
-------+----------+-------------------------------------------
     0 | D        | rocky1 the Naga Fighter began the quest for the Orb.
     0 | D        | Reached XP level 1. HP: 21/21 MP: 1/1
    11 | D        | Noticed a worker ant
    19 | D        | HP: 1/21 [worker ant (2)]
    22 | D        | Killed a worker ant
    23 | D        | Reached skill level 1 in Dodging
    23 | D        | Reached XP level 2. HP: 21/30 MP: 2/2
    23 | D        | Reached XP level 3. HP: 26/36 MP: 3/3
    31 | D        | Found a bloodstained altar of Trog.
    31 | D        | Found a shimmering blue altar of Sif Muna.
    31 | D        | Found a viscous altar of Jiyva.
    31 | D        | Found a hazy altar of Hepliaklqana.
    31 | D        | Found an opulent altar of Gozag.
    32 | D        | Found a glowing golden altar of the Shining One.
    32 | D        | Found a glowing silver altar of Zin.
    32 | D        | Found a basalt altar of Yredelemnul.
    32 | D        | Found a shimmering altar of Xom.
    32 | D        | Found an ornate altar of the Wu Jian Council.
    32 | D        | Found a sacrificial altar of Ru.
    32 | D        | Found a stormy altar of Qazlal.
    32 | D        | Found an iron altar of Okawaru.
    32 | D        | Found a sparkling altar of Nemelex Xobeh.
    32 | D        | Found a burning altar of Makhleb.
    32 | D        | Found a blossoming altar of Fedhas.
    32 | D        | Found a white marble altar of Elyvilon.
    32 | D        | Found a shadowy altar of Dithmenos.
    32 | D        | Found a snail-covered altar of Cheibriados.
    35 | D        | Found a corrupted altar of Lugonu.
    35 | D        | Found a radiant altar of Vehumet.
    36 | D        | Found an ancient bone altar of Kikubaaqudgha.
    36 | D        | Found a hide-covered altar of Uskayaw.
    36 | D        | Found a broken altar of Ashenzari.
    43 | D        | Became a worshipper of Cheibriados the Contemplative
    91 | D        | Reached * piety under Cheibriados
    95 | D        | Reached skill level 4 in Fighting
    98 | D        | Reached ** piety under Cheibriados
   207 | D        | Noticed a gnoll sergeant
   215 | D        | Reached skill level 1 in Stealth
   221 | D        | Slain by a gnoll sergeant

Illustrated notes

Levels and vault maps discovered:
D:        pitsprint [storerooms_1, entrance_room_1, metal_vault_3, armoury_3,
          mini_pit_1, grid_room_1, main_hall_1, silver_pit, the_coven_1,
          the_vestibule_1, steel_vault_2, golden_pit, hallway_of_sentries,
          crystal_vault_4, iron_vault_5, final_vault]

Skill      XL: |  1  2  3 |
---------------+----------+-----
Long Blades    | 3 |  3.3
Armour         | 3 |  3.3
Dodging        | 1 |  1.9
Shields        | 3 |  3.2
Fighting       | 4 |  4.0
Stealth        | 1 |  1.0
Invocations    | |  0.4

Action                   || total
-------------------------++-------
Melee: Long sword        ||    27
 Abil: Spit Poison       ||     2
  Use: Potion            ||     3
Armor: Scale mail        ||    15
Dodge: Dodged            ||     9
Block: Kite shield       ||    25
       Rpst.: Long sword ||     5

Table legend: (Time is in decaauts)
 A = Elapsed time spent in this place.
 B = Non-inter-level travel time spent in this place.
 C = Inter-level travel time spent in this place.
 D = Time resting spent in this place.
 E = Time spent auto-exploring this place.
 F = Levels seen in this place.
 G = Mean time per level.
                   A        B        C        D        E       F      G
               +--------+--------+--------+--------+--------+-----+--------+
         Total |    283 |    283 |      0 |    100 |      0 |   1 |  283.0 |
       Dungeon |    283 |    283 |      0 |    100 |      0 |   1 |  283.0 |
               +--------+--------+--------+--------+--------+-----+--------+

Top non-repeatable levels by time:
       D: 283 daAuts
